AoeStats
← Teblu

Arabia

510409690Analyzed
1v1 RM · 11h ago on Sep 30, 2026· 53m 34s· 2 players
Game mode
Random Map
Map size
Tiny (2 player)
Population
200
Speed
Normal
Resources
Standard
Victory
Conquest
Starting age
Dark Age
Ending age
Imperial Age
RankedLock teamsTeams togetherTeam positionsShared explorationLock speedFull tech treeHidden civsTurbo modeCheats
Victory
Defeat
🇺🇸 Poles · United States
917
+15
🇩🇪 Bohemians · Germany
895
-15
Lance
6:24 Loom
9:43 Feudal Age
10:18 Double-Bit Axe
15:20 Horse Collar
23:03 Castle Age
23:57 Bow Saw
23:49 Heavy Plow
24:46 Fletching
25:01 Padded Archer Armor
25:56 Ballistics
26:43 Chemistry
26:11 Bodkin Arrow
27:11 Wheelbarrow
29:38 Leather Archer Armor
29:46 Pikeman
30:28 Squires
31:48 Husbandry
33:24 Arson
39:26 Imperial Age
38:44 Forging
38:35 Scale Mail Armor
42:21 Halberdier
43:42 Hand Cart
50:44 Elite Hussite Wagon
52:45 Bracer
Teblu
7:08 Loom
9:41 Feudal Age
12:30 Double-Bit Axe
12:55 Horse Collar
16:22 Wheelbarrow
19:27 Castle Age
18:09 Bloodlines
22:28 Bow Saw
23:34 Heavy Plow
26:26 Guard Tower
28:34 Masonry
32:26 Imperial Age
29:55 Gold Mining
32:34 Forging
32:30 Scale Barding Armor
34:05 Onager
35:24 Conscription
35:12 Fletching
38:26 Szlachta Privileges
38:00 Cavalier
38:40 Husbandry
39:44 Hand Cart
44:28 Capped Ram
Connection lost

Rejoining the realm…

Still unreachable

The connection could not be restored.

Session expired

The server has moved on; the page needs a fresh start.